Map: 乌雷纳

Players

shengy - Winner!

  • Race: Zerg Zerg
  • League: Platinum

IIIIIIIIIIII

  • Race: Protoss Protoss
  • League: Platinum

VOD

Have the link to the VOD?

Description

Time

  • Played on: Jan. 1, 2016, 1:49 a.m.
  • Length: 11:04
Show
View Real Time Build Order
Export as new Build Order

shengy Zerg - Winner!

Build Orders: Hatch First 

Get SALT Encoding   

  12  0:01  Drone  
  13  0:12  Drone  
  14  0:17  Overlord  
  14  0:35  Drone x3  
  17  0:46  Drone  
  18  0:54  Extractor  
  17  1:00  Hatchery  
  16  1:18  Spawning Pool  
  15  1:19  Drone  
  15  1:20  Drone  
  17  2:05  Metabolic Boost  
  17  2:09  Zergling x2  
  17  2:10  Queen, Zergling x4  
  22  2:16  Spine Crawler  
  21  2:26  Zergling x4  
  23  2:35  Zergling x4  
  25  2:44  Zergling x4  
  24  3:25  Zergling x8  
  28  3:30  Overlord x2  
  28  3:35  Lair  
  28  3:37  Extractor  
  28  3:38  Drone  
  27  3:52  Drone x3  
  29  4:13  Drone x4  
  27  4:24  Spore Crawler  
  27  4:27  Spore Crawler, Queen  
  27  4:31  Drone  
  27  4:32  Drone  
  29  4:38  Zergling x2  
  30  4:48  Zergling x6  
  31  4:56  Hydralisk Den  
  30  5:00  Drone x2  
  30  5:03  Drone  
  33  5:12  Zergling x4  
  35  5:24  Drone x4  
  39  5:32  Overlord  
  37  5:46  Drone x5  
  42  5:52  Drone  
  42  5:53  Spore Crawler  
  42  5:54  Extractor  
  41  5:57  Extractor  
  41  5:58  Spore Crawler  
  41  5:59  Drone  
  40  6:15  Hydralisk Den, Hydralisk  
  39  6:27  Drone  
  39  6:28  Spore Crawler, Drone x2  
  41  6:39  Hydralisk x2  
  45  6:58  Hydralisk x3  
  49  7:04  Muscular Augments  
  49  7:17  Drone x2  
  51  7:29  Overlord  
  51  7:47  Queen, Overlord  
  53  7:54  Spire  
  53  7:56  Overlord  
  52  8:06  Hydralisk  
  52  8:07  Hydralisk x2  
  52  8:10  Overlord  
  58  8:15  Evolution Chamber  
  57  8:22  Hydralisk x2  
  57  8:23  Hydralisk  
  63  8:28  Overseer  
  63  8:31  Overlord  
  63  8:43  Hydralisk x2  
  66  9:01  Hydralisk x2  
  66  9:02  Hydralisk x2  
  70  9:25  Hydralisk  
  70  9:26  Hydralisk x4  
  70  9:58  Hatchery  
  70  10:01  Extractor x2  
  70  10:08  Drone x6  
  70  10:28  Overlord x3  
Show
View Real Time Build Order
Export as new Build Order

IIIIIIIIIIII Protoss 

Build Orders: Cannon Rush 

Get SALT Encoding   

  12  0:01  Probe (Chrono Boost)  
  13  0:11  Probe (Chrono Boost)  
  14  0:19  Pylon  
  14  0:22  Probe (Chrono Boost)  
  15  0:37  Probe (Chrono Boost)  
  15  0:39  Forge  
  16  0:48  Probe (Chrono Boost)  
  17  0:51  Assimilator  
  17  1:00  Pylon  
  17  1:03  Probe (Chrono Boost)  
  18  1:26  Photon Cannon  
  18  1:29  Photon Cannon  
  18  1:31  Photon Cannon  
  18  1:37  Pylon  
  18  1:48  Probe (Chrono Boost)  
  18  1:52  Gateway  
  18  2:01  Probe (Chrono Boost)  
  19  2:02  Assimilator  
  19  2:04  Photon Cannon  
  19  2:09  Assimilator  
  20  2:23  Probe (Chrono Boost)  
  20  2:33  Probe (Chrono Boost)  
  20  2:35  Photon Cannon  
  21  2:41  Cybernetics Core  
  21  2:50  Photon Cannon  
  21  2:56  Probe (Chrono Boost)  
  21  3:19  Probe (Chrono Boost)  
  22  3:24  Pylon  
  22  3:27  Stargate  
  22  3:30  Pylon  
  22  3:31  Probe (Chrono Boost)  
  23  3:35  Warp Gate  
  23  3:43  Mothership Core (Chrono Boost)  
  24  4:01  Probe (Chrono Boost)  
  25  4:04  Pylon  
  24  4:19  Void Ray (Chrono Boost)  
  24  4:20  Photon Cannon  
  28  4:36  Pylon  
  28  4:38  Probe (Chrono Boost)  
  28  5:02  Void Ray (Chrono Boost)  
  28  5:03  Nexus  
  28  5:05  Pylon  
  32  5:07  Probe  
  33  5:21  Probe  
  34  5:24  Photon Cannon  
  34  5:33  Probe  
  34  5:41  Photon Cannon  
  34  5:46  Probe  
  35  5:55  Void Ray (Chrono Boost)  
  35  6:25  Probe  
  35  6:26  Photon Cannon  
  35  6:30  Assimilator  
  36  6:36  Probe  
  37  6:46  Probe  
  34  7:01  Void Ray (Chrono Boost)  
  34  7:03  Protoss Ground Armor Level 1  
  38  7:12  Probe  
  39  7:20  Robotics Facility  
  39  7:24  Probe (Chrono Boost)  
  40  7:33  Void Ray, Assimilator  
  41  7:37  Probe (Chrono Boost)  
  41  7:39  Probe (Chrono Boost)  
  46  7:49  Probe (Chrono Boost)  
  47  8:02  Probe (Chrono Boost)  
  47  8:03  Probe (Chrono Boost)  
  49  8:11  Observer, Robotics Bay  
  51  8:14  Probe (Chrono Boost)  
  51  8:22  Pylon  
  51  8:25  Void Ray  
  51  8:26  Probe (Chrono Boost)  
  56  8:38  Probe (Chrono Boost)  
  57  8:43  Nexus  
  58  8:50  Probe (Chrono Boost)  
  57  9:02  Probe (Chrono Boost)  
Tags
 
Add a new tag
Caveats
  • Supply blocks, unpowered buildings, or Contaminate may cause inaccurate times.
  • Supply counts are checked every 10 seconds.